 Dungeon Crawl Stone Soup version 0.22.1-1-ga44c0e5 (webtiles) character file.

39 Anon1729 the Charlatan (level 3, 0/18 HPs)
             Began as a Spriggan Artificer on Nov 2, 2018.
             Slain by an orc
             ... wielding a +0 trident
              (1 damage)
             ... on level 3 of the Dungeon.
             The game lasted 00:01:38 (945 turns).

Anon1729 the Charlatan (Spriggan Artificer)          Turns: 945, Time: 00:01:39

Health: 0/18       AC:  2    Str:  8    XL:     3   Next: 26%
Magic:  7/7        EV: 19    Int: 12    God:
Gold:   50         SH:  0    Dex: 17    Spells: 2/2 levels left

rFire    . . .     SeeInvis +   a - +0 short sword
rCold    . . .     Gourm    .   (shield restricted)
rNeg     . . .     Faith    .   b - +0 robe
rPois    .         Spirit   .   (helmet restricted)
rElec    .         Reflect  .   (no cloak)
rCorr    .         Harm     .   (gloves unavailable)
MR       .....                  (boots unavailable)
Stlth    +++.......             (no amulet)
HPRegen  0.06/turn              h - ring of stealth
MPRegen  0.10/turn              j - ring of flight

@: very quick
A: very small, unfitting armour, see invisible, herbivore, speed 3, slow
metabolism 2
a: Evoke Flight


You were on level 3 of the Dungeon.
You were not hungry.

You visited 1 branch of the dungeon, and saw 3 of its levels.

You collected 50 gold pieces.

Inventory:

Hand Weapons
 a - a +0 short sword (weapon)
Armour
 b - a +0 robe (worn)
Jewellery
 h - a ring of stealth (left hand)
 j - a ring of flight (right hand)
Wands
 c - a wand of flame (15)
 d - a wand of enslavement (15)
 e - a wand of random effects (15)
Scrolls
 g - a scroll of teleportation {unknown}
 i - a scroll of fog {unknown}
 k - a scroll of amnesia {unknown}
 l - a scroll of remove curse {unknown}
 m - a scroll of identify {unknown}
 n - a scroll of magic mapping {unknown}
 o - a scroll of fear {unknown}
 p - a scroll of immolation {unknown}
Comestibles
 f - 4 rations


   Skills:
 + Level 1.2 Fighting
 + Level 1.8 Short Blades
 + Level 3.5 Dodging
 + Level 2.6 Stealth
 + Level 4.4 Evocations


You had 2 spell levels left.
You didn't know any spells.
Your spell library was empty.

Dungeon Overview and Level Annotations

Branches:
Dungeon (3/15)

Altars:


Innate Abilities, Weirdness & Mutations

You are very small and have problems with some larger weapons.
You are too small for most types of armour.
You have supernaturally acute eyesight. (SInv)
You are a herbivore.
You cover ground extremely quickly.
You need to consume almost no food.


Message History

* * * LOW HITPOINT WARNING * * *
The kobold barely misses you.
You see here an adder corpse.
Found an escape hatch in the ceiling.
Found 10 gold pieces.
There is a stone staircase leading up here.
There is an escape hatch in the floor here.
You slide downwards.
The hatch slams shut behind you.
An orc comes into view. It is wielding a trident.
Found a mace, 14 gold pieces and a scroll labeled ATADADGH TEUGIPP.
As you open the door, it creaks loudly!
There is an open door here.
You close the door.
You start resting.
The orc is too close now for your liking.
An adder comes into view.
You closely miss the orc. The orc hits you with a trident.
* * * LOW HITPOINT WARNING * * *
You closely miss the orc. The orc hits you with a trident.
You die...

...?.....#
..$o.....#
.........#
.........#
.........#
..)......#
######+##
#.##############
#...o@........S.
##########...###
..# .# #


You could see an orc.

Vanquished Creatures
  An adder (D:2)
  An ooze (D:1)
  A dart slug (D:1)
  A leopard gecko (D:1)
  2 giant cockroaches
  5 goblins (D:1)
  5 hobgoblins (D:1)
  2 bats
  2 kobolds (D:1)
20 creatures vanquished.

Notes
Turn   | Place    | Note
-------+----------+-------------------------------------------
     0 | D:1      | Anon1729 the Spriggan Artificer began the quest for the
                  | Orb.
     0 | D:1      | Reached XP level 1. HP: 9/9 MP: 4/4
   218 | D:1      | Reached skill level 1 in Fighting
   268 | D:1      | Reached XP level 2. HP: 14/14 MP: 6/6
   660 | D:2      | Reached XP level 3. HP: 14/18 MP: 7/7
   945 | D:3      | Slain by an orc

Skill      XL: |  1 |
---------------+----+-----
Fighting       | 1 |  1.2
Stealth        | 2 |  2.6
Short Blades   | |  1.8
Dodging        | |  3.5
Evocations     | |  4.4

Action                   || total
-------------------------++-------
Melee: Short sword       ||    68
 Stab: Sleeping          ||     7
Armor: Robe              ||     2
Dodge: Dodged            ||    59
